 Dungeon Crawl Stone Soup version 0.27-a0-1280-g9d2d252d84 (webtiles) character file.

Game seed: 17615376264477643961

511 Johnny the Magician (level 6, -2/38 HPs)
             Began as a Deep Elf Earth Elementalist on June 13, 2021.
             Slain by an ogre (24 damage)
             ... on level 4 of the Dungeon.
             The game lasted 00:03:08 (4094 turns).

Johnny the Magician (Deep Elf Earth Elementalist)   Turns: 4094, Time: 00:03:09

Health: -2/38      AC:  3    Str:  5    XL:     6   Next: 99%
Magic:  16/16      EV: 12    Int: 22    God:
Gold:   190        SH:  0    Dex: 15    Spells: 12/16 levels left

rFire    . . .     SeeInvis .   l - +4 dagger (vamp)
rCold    . . .     Faith    .   (no shield)
rNeg     . . .     Spirit   .   c - +0 robe
rPois    .         Reflect  .   g - +0 helmet
rElec    .         Harm     .   (no cloak)
rCorr    .         Rampage  .   (no gloves)
Will     .....                  (no boots)
Stlth    ++........             (no amulet)
HPRegen  0.12/turn              (no ring)
MPRegen  0.15/turn              (no ring)

@: no status effects
A: no striking features
a: no special abilities


You were on level 4 of the Dungeon.
You visited 1 branch of the dungeon, and saw 4 of its levels.

You collected 190 gold pieces.

Inventory:

Hand Weapons
 l - a +4 vampiric dagger (weapon)
Missiles
 b - 77 stones
Armour
 c - a +0 robe (worn)
 g - a +0 helmet (worn)
Magical Staves
 p - a staff of conjuration
Jewellery
 m - a ring of ice
 t - an amulet of regeneration
 u - a ring of willpower
Wands
 s - a wand of paralysis (9)
Scrolls
 a - 4 scrolls of identify {unknown}
 d - a scroll of silence {unknown}
 e - a scroll of fog {unknown}
 i - a scroll of teleportation {unknown}
 q - a scroll of enchant weapon {unknown}
 r - a scroll of immolation {unknown}
Potions
 f - 2 potions of curing {unknown}
 h - a potion of flight {unknown}
 j - a potion of ambrosia {unknown}
 k - 2 potions of might {unknown}
 n - a potion of brilliance {unknown}
 o - a potion of invisibility {unknown}


   Skills:
 * Level 4.1 Fighting
 - Level 2.4 Dodging
 - Level 2.4 Stealth
 + Level 5.6 Spellcasting
 - Level 1.1 Transmutations
 + Level 5.1 Earth Magic


You had 12 spell levels left.
You knew the following spells:

 Your Spells              Type           Power      Damage    Failure   Level
a - Sandblast             Erth           56%        2d13      1%          1
b - Stone Arrow           Conj/Erth      34%        3d9       10%         3

Your spell library contained the following spells:

 Spells                   Type           Power      Damage    Failure   Level
 Passwall                 Tmut/Erth      15%        N/A       4%          2
 Beastly Appendage        Tmut           22%        N/A       6%          1
 Wereblood                Tmut           11%        N/A       9%          2
 Spider Form              Tmut/Pois      4%         N/A       22%         3
 Petrify                  Tmut/Erth      19%        N/A       26%         4
 Lee's Rapid Deconstruct  Erth           14%        3d10*     32%         5
 Ice Form                 Ice/Tmut       8%         N/A       58%         4


Dungeon Overview and Level Annotations

Branches:
Dungeon (4/15)             Temple (0/1) D:4

Altars:


Message History

Press: ? - help, Shift-Dir - straight line, f/p - bullfrog skeleton
Aim: a bullfrog skeleton (moderately damaged, 93% to hit)
The blast of sand hits the bullfrog skeleton!
The bullfrog skeleton is almost destroyed.
The bullfrog skeleton hits you but does no damage.
Casting: Sandblast (safe; 1% risk of failure)
Confirm with . or Enter, or press ? or * to list all spells.
Aiming: Sandblast (safe; 1% risk of failure)
Press: ? - help, Shift-Dir - straight line, f/p - bullfrog skeleton
Aim: a bullfrog skeleton (almost destroyed, 93% to hit)
The blast of sand hits the bullfrog skeleton!
You destroy the bullfrog skeleton!
Casting: Sandblast (safe; 1% risk of failure)
Confirm with . or Enter, or press ? or * to list all spells.
You can't see any susceptible monsters within range! (Use Z to cast anyway.)
Things that are here:
a +2 short sword of flaming; a +0 hand crossbow; 2 bolts An iguana comes into view.
An iguana is nearby!
An iguana is nearby!
An iguana is nearby!
An ogre comes into view. It is wielding a +0 giant club.
The ogre shouts!
The iguana hisses angrily.
Found a scroll labelled SYAMNU ENOPN.
Found a staircase to the Ecumenical Temple.
You hit the iguana but do no damage. The iguana bites you.
You hit the iguana but do no damage. The iguana barely misses you.
You hit the iguana.
You feel better.
The iguana is moderately wounded.
The iguana bites you!
Casting: Sandblast (safe; 1% risk of failure)
Confirm with . or Enter, or press ? or * to list all spells.
Okay, then.
Aiming: Paralyse
Press: ? - help, Shift-Dir - straight line, f - ogre
Aim: an ogre, wielding a +0 giant club (chance to affect: 46%)
The ogre resists with some effort.
The ogre hits you with a +0 giant club!!
Ouch! That really hurt!
You die...

#... ......
.....
#.#.##.#....
.####
#....:......
#.....♣.♣..?
#......>....
#.....♣.♣..#
#...l......#
#.##O#####.#
###.##@#####.#
#....).....#.#
#.#.##.###.#.#
# #.# #.#.#
#.###...#
#..##.### ##
##.##.# #.#
#.##.# #.# #
##.##.#


You could see an ogre and an iguana.

Vanquished Creatures
  Menkaure (D:4)
  A phantom (D:4)
  Blork the orc (D:4)
  2 hounds (D:4)
  An orc priest (D:3)
  A bullfrog skeleton (D:4)
  6 adders
  An ufetubus (D:4)
  A dart slug (D:1)
  5 orcs
  5 ball pythons
  8 bats
  4 endoplasms
  3 giant cockroaches
  5 goblins
  2 hobgoblins (D:2)
  11 jackals
  5 kobolds
  A quokka (D:2)
  2 frilled lizards
  11 rats
77 creatures vanquished.

Vanquished Creatures (others)
  A plant (D:3)
  2 withered plants (D:3)
3 creatures vanquished.

Grand Total: 80 creatures vanquished

Notes
Turn   | Place    | Note
-------+----------+-------------------------------------------
     0 | D:1      | Johnny the Deep Elf Earth Elementalist began the quest for
                  | the Orb.
     0 | D:1      | Reached XP level 1. HP: 10/10 MP: 6/6
   327 | D:1      | Reached XP level 2. HP: 16/16 MP: 6/8
   452 | D:1      | Reached skill level 1 in Fighting
  1291 | D:2      | Reached XP level 3. HP: 14/20 MP: 7/10
  2150 | D:3      | Reached XP level 4. HP: 26/26 MP: 9/11
  2607 | D:3      | Reached XP level 5. HP: 9/31 MP: 5/13
  2830 | D:3      | Found a faded altar of an unknown god.
  3343 | D:4      | Noticed a phantom
  3344 | D:4      | Noticed Menkaure
  3352 | D:4      | Learned a level 3 spell: Stone Arrow
  3355 | D:4      | Killed a phantom
  3480 | D:4      | Noticed Blork the orc
  3490 | D:4      | Killed Blork the orc
  3491 | D:4      | Reached skill level 5 in Spellcasting
  3491 | D:4      | Reached XP level 6. HP: 28/37 MP: 8/15
  3778 | D:4      | Killed Menkaure
  3779 | D:4      | Reached skill level 5 in Earth Magic
  4088 | D:4      | Found a staircase to the Ecumenical Temple.
  4094 | D:4      | Slain by an ogre

Illustrated notes

Levels and vault maps discovered:
D:1:      eino_arrival_druids_welcome, layout_basic
D:2:      layout_rooms, kennysheep_doodads
D:3:      layout_rooms, shapermc_ecumenical_altar_flowoftime, minmay_circle_x
D:4:      layout_loops_ring, minmay_temple_entry_trees, uniq_edmund,
          uniq_blork_the_orc, uniq_natasha, uniq_menkaure

Skill      XL: |  1  2  3  4  5  6 |
---------------+-------------------+-----
Fighting       | 1 2 3 4 |  4.1
Spellcasting   | 4 5 |  5.6
Earth Magic    | 4 5 |  5.1
Dodging        | |  2.4
Stealth        | |  2.4
Transmutations | |  1.1

Action                   |  1- 3 |  4- 6 || total
-------------------------+-------+-------++-------
Melee: Unarmed           |     7 |       ||     7
       Dagger            |       |    71 ||    71
 Cast: Sandblast         |    48 |    47 ||    95
       Stone Arrow       |       |     2 ||     2
Evoke: Wand              |       |     1 ||     1
 Stab: Sleeping          |       |     4 ||     4
Armor: Robe              |     5 |    14 ||    19
Dodge: Dodged            |    14 |    75 ||    89

Table legend: (Time is in decaauts)
 A = Elapsed time spent in this place.
 B = Non-inter-level travel time spent in this place.
 C = Inter-level travel time spent in this place.
 D = Time resting spent in this place.
 E = Time spent auto-exploring this place.
 F = Levels seen in this place.
 G = Mean time per level.
                   A        B        C        D        E       F      G
               +--------+--------+--------+--------+--------+-----+--------+
         Total |   4093 |   3948 |    145 |    265 |   3224 |   4 | 1023.2 |
       Dungeon |   4093 |   3948 |    145 |    265 |   3224 |   4 | 1023.2 |
               +--------+--------+--------+--------+--------+-----+--------+

Top non-repeatable levels by time:
     D:3: 1290 daAuts
     D:1: 1213 daAuts
     D:2: 817 daAuts
     D:4: 771 daAuts
